 Dungeon Crawl Stone Soup version 0.20.0-14-g326068f (webtiles) character file.

3151 greprep the Carver (level 9, -14/75 HPs)
             Began as a Minotaur Fighter on June 8, 2017.
             Was a Follower of Ashenzari.
             Shot with a bolt by an orc warrior (15 damage)
             ... in a bailey.
             The game lasted 00:14:43 (7916 turns).

greprep the Carver (Minotaur Fighter)               Turns: 7916, Time: 00:14:43

Health: -14/75     AC: 15    Str: 24      XL:     9   Next: 62%
Magic:  0/8        EV: 10    Int:  5      God:    Ashenzari [*.....]
Gold:   473        SH: 10    Dex:  8 (10) Spells: 8/8 levels left

rFire    . . .     SeeInvis .   p - +4 falchion
rCold    . . .     Gourm    .   c - +0 shield
rNeg     + . .     Faith    .   E - +0 pearl dragon scales (curse)
rPois    +         Spirit   +   (helmet restricted)
rElec    .         Reflect  .   y - +0 cloak {rPois}
rCorr    .         Harm     .   (no gloves)
MR       .....                  n - +0 pair of boots
Stlth    ..........             C - amulet of guardian spirit
Regen    0.3/turn               (no ring)
MPRegen  0.2/turn               (no ring)

@: flying, hasted, very quick
A: retaliatory headbutt, horns 2
a: Curse Item, Scrying, Renounce Religion


You were in a bailey.
You worshipped Ashenzari.
Ashenzari was aware of your devotion.
You were not hungry.

You visited 2 branches of the dungeon, and saw 9 of its levels.
You also visited: Sewer and Bailey.

You collected 473 gold pieces.

Inventory:

Hand Weapons
 p - a +4 falchion (weapon)
 F - a +2 long sword
Armour
 c - a +0 shield (worn)
 n - a +0 pair of boots (worn)
 r - a +0 leather armour of poison resistance
 y - a +0 cloak of poison resistance (worn)
 E - cursed +0 pearl dragon scales (worn)
Jewellery
 h - an uncursed ring of stealth
 C - an amulet of guardian spirit (around neck)
 H - an uncursed ring of fire
 I - an uncursed ring of protection from magic
Wands
 a - a wand of lightning (8/15)
 b - a wand of polymorph (14/24)
 m - a wand of confusion (15/48)
 G - a wand of iceblast (7/15)
 J - a wand of iceblast (4/15)
Scrolls
 k - 2 scrolls of fog
 l - 6 scrolls of remove curse
 s - 2 scrolls of fear
 t - a scroll of magic mapping
 D - 2 scrolls of teleportation {unknown}
 L - 2 scrolls of recharging {unknown}
 M - a scroll of random uselessness {unknown}
 O - a scroll of enchant armour {unknown}
Potions
 d - 2 potions of might
 e - 3 potions of heal wounds {unknown}
 g - 4 potions of flight
 i - 4 potions of curing
 o - 2 potions of haste
 q - 2 potions of degeneration {unknown}
 u - a potion of magic {unknown}
 v - a potion of brilliance {unknown}
 w - a potion of cancellation {unknown}
 z - 2 potions of lignification {unknown}
 A - 2 potions of mutation {unknown}
 B - a potion of resistance {unknown}
Books
 K - a book of Air

   Spells                             Type                      Level
   a - Shock                          Conjuration/Air              1
   b - Swiftness                      Charms/Air                   2
   c - Static Discharge               Conjuration/Air              3
   d - Airstrike                      Air                          4
   e - Lightning Bolt                 Conjuration/Air              5
Comestibles
 f - 9 bread rations
 j - 6 meat rations
 x - 6 fruits
 N - a chunk of flesh


   Skills:
 + Level 6.0 Fighting
 * Level 11.4 Long Blades
 + Level 6.2 Armour
 * Level 6.2 Dodging
 + Level 7.0 Shields


You had 8 spell levels left.
You didn't know any spells.

Dungeon Overview and Level Annotations

Branches:
Dungeon (8/15)             Temple (1/1) D:4
   Lair: D:8-11

Altars:
Ashenzari
Cheibriados
Dithmenos
Elyvilon
Fedhas
Kikubaaqudgha
Makhleb
Nemelex Xobeh
Okawaru
Qazlal
Sif Muna
Vehumet
Xom
Zin
The Shining One


Innate Abilities, Weirdness & Mutations

You reflexively headbutt those who attack you in melee.
You have a pair of horns on your head.


Message History

The orc warrior is severely wounded.
The orc warrior hits you from afar with a halberd.
The orc warrior hits you from afar with a halberd!
* * * LOW HITPOINT WARNING * * *
You block the orc warrior's attack. The orc hits you but does no damage.
It was a potion of haste.
You feel yourself speed up. The orc warrior hits you!
* * * LOW HITPOINT WARNING * * *
The orc warrior hits you from afar with a halberd.
* * * LOW HITPOINT WARNING * * *
You block the orc warrior's attack. The orc hits you but does no damage.
Unknown command.
The orc warrior wields an uncursed arbalest.
The orc warrior shoots a bolt.
The bolt hits you but does no damage.
You see here 2 bolts.
You block the orc warrior's attack.
The orc knight no longer looks unusually strong.
You see here a bolt.
The orc warrior shoots a bolt.
You block the bolt.
The orc warrior shoots a bolt.
The bolt hits you!
You die...

### ####
##∩#########
....##...##.....##
≈≈≈..#...#..≈≈≈..#
≈o≈≈.......≈≈o≈≈.#
ooo≈...(...≈ooo≈.+
≈o≈≈.....(.≈≈o≈≈.#
≈≈≈..#..@#.(≈≈≈..#
.... #.∩.##.....##
### ##∩#########
###


You could see 2 orc knights, 5 orc warriors and 2 orcs.

Vanquished Creatures
  The ghost of dscm the Covert, a novice OpAs (D:7)
  Pikel (D:5)
  A spriggan (D:8)
  Purgy (Sewer)
  2 sky beasts (D:6)
  A slave (D:5)
  3 phantoms
  An ogre (D:4)
  A big kobold (D:7)
  3 bullfrogs (D:6)
  A gnoll sergeant (D:5)
  5 wights (D:6)
  A crimson imp (D:7)
  A bullfrog zombie (D:6)
  A quasit (D:8)
  2 hounds (D:6)
  A jelly (D:8)
  2 bullfrog skeletons
  2 orc priests
  4 orc wizards
  Crazy Yiuf (D:4)
  3 iguanas
  5 worker ants
  A worker ant zombie (D:8)
  A gnoll (D:2)
  9 adders
  A shadow imp (D:7)
  An ooze (D:1)
  An adder zombie (D:6)
  4 worms
  A dart slug (D:1)
  10 leopard geckos
  18 orcs
  4 ball pythons
  3 giant cockroaches
  7 hobgoblins
  3 jackals (D:4)
  10 kobolds
  4 quokkas
  12 bats
  3 frilled lizards
  18 goblins
  A jackal skeleton (D:4)
  2 quokka skeletons
  10 rats
168 creatures vanquished.

Vanquished Creatures (others)
  A phantom (D:5)
  A worker ant (D:5)
2 creatures vanquished.

Grand Total: 170 creatures vanquished

Notes
Turn   | Place    | Note
-------+----------+-------------------------------------------
     0 | D:1      | greprep the Minotaur Fighter began the quest for the Orb.
     0 | D:1      | Reached XP level 1. HP: 19/19 MP: 0/0
   126 | D:1      | Reached XP level 2. HP: 27/27 MP: 1/1
   342 | D:1      | Reached skill level 1 in Dodging
   530 | D:1      | Reached XP level 3. HP: 33/33 MP: 2/2
  1001 | D:1      | Reached skill level 3 in Long Blades
  1202 | D:2      | Reached XP level 4. HP: 40/40 MP: 3/3
  1968 | D:3      | Reached skill level 4 in Long Blades
  1968 | D:3      | Reached XP level 5. HP: 14/46 MP: 4/4
  2721 | D:3      | Found a glowing silver altar of Zin.
  2851 | D:4      | Reached skill level 5 in Long Blades
  2956 | D:4      | Found a blossoming altar of Fedhas.
  2999 | D:4      | Noticed an ogre
  3062 | D:4      | Killed an ogre
  3062 | D:4      | Reached XP level 6. HP: 23/52 MP: 5/5
  3257 | D:4      | Found a glowing drain.
  3279 | Sewer    | Entered a sewer
  3427 | Sewer    | Noticed Purgy
  3440 | Sewer    | Killed Purgy
  3440 | Sewer    | Reached skill level 6 in Long Blades
  3958 | D:4      | Found a staircase to the Ecumenical Temple.
  3986 | D:4      | Reached XP level 7. HP: 40/60 MP: 6/6
  4090 | Temple   | Entered the Ecumenical Temple
  4327 | D:4      | Reached skill level 5 in Shields
  4483 | D:4      | Found a runed door.
  4739 | D:4      | Noticed Crazy Yiuf
  4746 | D:4      | HP: 3/60 [Crazy Yiuf/quarterstaff of chaos (3)]
  4747 | D:4      | Killed Crazy Yiuf
  5067 | D:5      | Entered Level 5 of the Dungeon
  5137 | D:5      | Found an ancient bone altar of Kikubaaqudgha.
  5187 | D:5      | Reached skill level 5 in Armour
  5264 | D:5      | Reached skill level 7 in Long Blades
  5322 | D:5      | Noticed Pikel
  5339 | D:5      | Killed Pikel
  5339 | D:5      | Reached skill level 5 in Fighting
  5339 | D:5      | Reached skill level 8 in Long Blades
  5339 | D:5      | Reached XP level 8. HP: 60/68 MP: 7/7
  5519 | D:5      | Reached skill level 9 in Long Blades
  6235 | D:6      | Found a shattered altar of Ashenzari.
  6242 | D:6      | Became a worshipper of Ashenzari the Shackled
  6272 | D:6      | Found a shadowy altar of Dithmenos.
  6479 | D:6      | Reached skill level 10 in Long Blades
  6479 | D:6      | Reached skill level 5 in Dodging
  6534 | D:6      | Reached XP level 9. HP: 67/74 MP: 8/8
  6876 | D:7      | Noticed dscm's ghost (novice OpAs)
  6877 | D:7      | Found a burning altar of Makhleb.
  6889 | D:7      | Killed dscm's ghost
  6926 | D:7      | Reached skill level 11 in Long Blades
  7493 | D:8      | Reached * piety under Ashenzari
  7699 | D:8      | Found a glowing golden altar of the Shining One.
  7699 | D:8      | Found a deep blue altar of Sif Muna.
  7881 | D:8      | Found a flagged portal.
  7894 | Bailey   | Entered a bailey
  7894 | Bailey   | Noticed an orc knight
  7900 | Bailey   | Noticed an orc knight
  7912 | Bailey   | HP: 1/75 [orc warrior/halberd (3)]
  7916 | Bailey   | Shot with a bolt by an orc warrior

Skill      XL: |  1  2  3  4  5  6  7  8  9 |
---------------+----------------------------+-----
Dodging        | 1 2 3 4 5 6 |  6.2
Armour         | 4 5 6 |  6.2
Shields        | 4 5 6 7 |  7.0
Long Blades    | 3 4 5 6 8 10 11 | 11.4
Fighting       | 4 5 6 |  6.0

Action                   |  1- 3 |  4- 6 |  7- 9 || total
-------------------------+-------+-------+-------++-------
Melee: Long sword        |    74 |   160 |   143 ||   377
       Headbutt          |    14 |    30 |    47 ||    91
       Falchion          |       |       |   121 ||   121
Invok: Curse Item        |       |       |     1 ||     1
  Use: Potion            |       |     2 |     2 ||     4
       Scroll            |       |       |     9 ||     9
  Eat: Chunk             |       |     9 |     9 ||    18
       Bread ration      |       |       |     1 ||     1
Armor: Scale mail        |    37 |     6 |       ||    43
       Leather armour    |       |    38 |    12 ||    50
       Pearl dragon scal |       |       |    64 ||    64
Dodge: Dodged            |    31 |    71 |    71 ||   173
Block: Shield            |    43 |    81 |   103 ||   227
       Rpst.: Long sword |     8 |    16 |    13 ||    37
       Falchion          |       |       |     5 ||     5
